Map: Submarine LE

Players

NAIL - Winner!

  • Race: Zerg Zerg
  • League: Master
  • Spawn Location: 5:00

Freeman

  • Race: Zerg Zerg
  • League: Master
  • Spawn Location: 11:00

VOD

Have the link to the VOD?

Description

Time

  • Played on: June 27, 2020, 9:49 a.m.
  • Length: 6:41
Show
View Real Time Build Order
Export as new Build Order

NAIL Zerg - Winner!

Build Orders: Pool First 

Get SALT Encoding   

  12  0:02  Drone  
  13  0:08  Drone  
  14  0:17  Overlord  
  14  0:22  Extractor  
  14  0:23  Drone  
  15  0:36  Drone  
  15  0:41  Spawning Pool  
  15  0:43  Drone  
  16  0:51  Drone  
  17  1:11  Hatchery  
  17  1:12  Drone  
  17  1:28  Zergling x6  
  17  1:31  Queen  
  17  1:32  Extractor  
  21  1:39  Overlord  
  21  1:50  Drone  
  22  2:00  Drone  
  23  2:06  Queen  
  25  2:11  Drone  
  26  2:24  Drone x2  
  28  2:32  Queen  
  28  2:33  Drone  
  31  2:40  Drone x3  
  31  2:41  Drone  
  35  2:47  Drone  
  35  2:51  Overlord  
  36  2:55  Lair  
  36  2:59  Overlord  
  36  3:10  Drone x2  
  36  3:11  Drone  
  39  3:15  Roach Warren  
  39  3:19  Drone x2, Evolution Chamber  
  39  3:24  Drone x2  
  41  3:27  Extractor  
  41  3:29  Extractor  
  41  3:33  Drone x2  
  41  3:38  Drone x3  
  44  3:45  Zerg Missile Weapons Level 1  
  44  3:53  Drone  
  44  3:54  Drone x2  
  45  3:58  Drone x3  
  45  4:02  Roach x2  
  52  4:07  Overlord  
  52  4:10  Glial Reconstitution  
  52  4:18  Overlord  
  52  4:25  Roach x2  
  52  4:26  Roach  
  52  4:29  Overlord  
  60  4:31  Roach  
  60  4:38  Roach x4  
  68  4:40  Overlord  
  68  4:47  Roach  
  68  4:48  Roach x2  
  74  4:56  Roach  
  74  4:58  Roach x3  
  82  5:06  Roach  
  84  5:08  Overlord x2  
  84  5:18  Overlord  
  84  5:26  Overlord  
  84  5:28  Roach x2  
  88  5:32  Roach x5  
  88  5:34  Overlord  
  98  5:36  Overlord  
  98  5:39  Roach  
  100  5:44  Overlord  
  100  5:47  Roach  
  94  5:57  Roach x2  
  89  6:06  Roach x2  
  89  6:07  Roach x4  
  93  6:21  Roach x3  
Show
View Real Time Build Order
Export as new Build Order

Freeman Zerg 

Build Orders: Pool First 

Get SALT Encoding   

  12  0:00  Drone  
  13  0:12  Overlord  
  13  0:17  Drone  
  14  0:31  Drone x2  
  16  0:41  Spawning Pool  
  15  0:45  Drone  
  15  0:48  Drone  
  17  1:08  Hatchery  
  16  1:11  Drone  
  16  1:13  Extractor  
  16  1:28  Zergling x6  
  19  1:34  Queen  
  21  1:40  Overlord  
  21  1:51  Drone  
  22  2:04  Drone  
  23  2:10  Queen  
  25  2:16  Metabolic Boost  
  25  2:17  Drone  
  26  2:27  Drone x2  
  27  2:46  Drone x2  
  27  2:51  Zergling x8  
  32  2:58  Baneling Nest  
  31  3:04  Drone x2  
  33  3:06  Overlord  
  33  3:16  Hatchery  
  32  3:26  Evolution Chamber  
  31  3:29  Drone x5  
  36  3:39  Lair  
  36  3:40  Drone  
  37  3:41  Drone  
  37  3:44  Drone  
  39  3:51  Drone x3  
  40  3:55  Drone  
  40  4:02  Zerg Missile Weapons Level 1  
  39  4:04  Drone x3  
  42  4:13  Overlord  
  42  4:15  Overlord  
  42  4:17  Zergling x4  
  42  4:22  Extractor  
  43  4:26  Roach Warren  
  43  4:27  Drone  
  43  4:28  Drone  
  43  4:30  Queen  
  46  4:31  Drone  
  46  4:36  Extractor  
  46  4:44  Drone  
  46  4:45  Drone x3  
  50  4:47  Overlord x2  
  50  4:50  Overseer  
  49  5:05  Glial Reconstitution  
  58  5:07  Roach x6  
  58  5:11  Roach x2  
  64  5:20  Roach x2  
  68  5:22  Roach x2  
  72  5:33  Roach x3  
  72  5:34  Overlord  
  72  5:35  Overlord  
  78  5:38  Roach x2  
  82  5:53  Roach x5  
  71  6:14  Roach x4  
  69  6:19  Roach x2  
Tags
 
Add a new tag
Caveats
  • Supply blocks, unpowered buildings, or Contaminate may cause inaccurate times.
  • Supply counts are checked every 10 seconds.